Map: Orbital Depot

Players

georgel - Winner!

  • Race: Zerg Zerg
  • Spawn Location: 3:00

Amix - Winner!

  • Race: Zerg Zerg
  • Spawn Location: 3:00

tomokazu - Winner!

  • Race: Zerg Zerg
  • Spawn Location: 1:00

A.I. 3 (Harder)

  • Race: Zerg Zerg
  • Spawn Location: 9:00

A.I. 4 (Very Hard)

  • Race: Zerg Zerg
  • Spawn Location: 9:00

A.I. 5 (Very Hard)

  • Race: Zerg Zerg
  • Spawn Location: 7:00

VOD

Have the link to the VOD?

Description

Time

  • Played on: Nov. 25, 2016, 5:12 p.m.
  • Length: 12:07
Show
View Real Time Build Order
Export as new Build Order

georgel Zerg - Winner!

Build Orders: Hatch First 

Get SALT Encoding   

  12  0:03  Drone  
  14  0:35  Drone  
  14  0:36  Hatchery  
  14  0:40  Drone  
  14  1:00  Spawning Pool  
  14  1:01  Drone  
  14  1:09  Extractor  
  14  1:10  Drone  
  14  1:15  Overlord  
  14  1:33  Drone x2  
  14  1:36  Drone  
  17  1:50  Drone, Queen  
  17  1:54  Drone  
  21  2:02  Queen  
  21  2:06  Drone  
  24  2:13  Overlord  
  24  2:19  Drone  
  24  2:20  Drone  
  26  2:27  Zergling x2  
  27  2:38  Drone x2  
  27  2:43  Metabolic Boost  
  29  2:45  Zergling x4  
  31  2:54  Zergling x2  
  31  2:58  Zergling x4  
  34  3:05  Zergling x2  
  35  3:08  Zergling x2  
  35  3:09  Overlord  
  35  3:10  Overlord x2  
  36  3:34  Zergling x4  
  36  3:35  Zergling x6  
  36  3:39  Zergling x8  
  45  3:42  Lair  
  45  3:51  Drone  
  33  4:48  Drone x4  
  33  4:49  Spire  
  36  4:53  Extractor  
  36  4:57  Drone x2  
  36  4:58  Drone x2  
  39  5:01  Extractor  
  38  5:17  Zergling x4  
  40  5:27  Zergling x12  
  46  5:31  Drone x2  
  46  5:32  Drone x2  
  49  6:17  Mutalisk x5  
  58  6:22  Mutalisk  
  58  6:25  Overlord x2  
  50  6:58  Mutalisk  
  50  6:59  Mutalisk x2  
  50  7:01  Zergling x6  
  59  7:09  Drone x6, Extractor  
  59  7:11  Drone x2  
  66  7:27  Overseer  
  66  7:34  Mutalisk x2  
  70  7:38  Mutalisk  
  72  7:56  Hatchery  
  58  9:18  Mutalisk  
  58  9:19  Mutalisk x2  
  64  9:25  Drone x2  
  64  9:26  Queen  
  64  9:29  Drone x2, Mutalisk  
  64  9:30  Mutalisk x3  
  78  9:44  Zerg Flyer Weapons Level 1  
  78  9:59  Drone x3  
  81  10:05  Overlord x2  
  81  10:06  Overlord x3  
  81  10:10  Zergling x2  
  82  10:28  Mutalisk  
  82  10:29  Mutalisk  
  82  10:35  Mutalisk x3  
  88  10:41  Zergling x2  
  88  10:42  Zergling x6  
  96  10:51  Mutalisk x2  
  100  10:58  Mutalisk x2  
Show
View Real Time Build Order
Export as new Build Order

Amix Zerg - Winner!

Build Orders: Hatch First 

Get SALT Encoding   

  12  0:03  Drone  
  13  0:09  Drone  
  14  0:17  Overlord  
  14  0:47  Drone  
  15  0:50  Drone, Hatchery  
  15  0:55  Drone  
  16  0:58  Drone  
  16  1:02  Extractor  
  16  1:08  Drone  
  17  1:22  Spawning Pool  
  16  1:27  Drone  
  16  1:31  Drone  
  18  1:40  Drone  
  19  1:51  Drone  
  20  2:02  Drone x2  
  22  2:14  Drone x2  
  24  2:16  Queen  
  24  2:17  Queen  
  28  2:26  Metabolic Boost  
  28  2:39  Evolution Chamber  
  28  2:41  Drone  
  28  2:59  Overlord x2  
  28  3:00  Overlord  
  28  3:05  Zerg Melee Weapons Level 1  
  28  3:19  Zergling x8  
  32  3:21  Zergling x2  
  33  3:30  Zergling x8  
  33  3:31  Zergling x2  
  33  3:32  Hatchery  
  37  3:41  Zergling x8  
  41  3:54  Drone x2  
  35  4:12  Zergling x14  
  35  4:13  Zergling x2  
  36  4:48  Zergling x8  
  36  4:49  Zergling x10  
  45  4:59  Drone x3  
  47  5:17  Zergling x10  
  52  5:23  Zergling x12  
  52  5:25  Overlord, Spine Crawler  
  52  5:28  Queen, Spine Crawler  
  58  5:35  Overlord  
  58  5:36  Overlord x2  
  58  5:49  Zerg Ground Armor Level 1  
  58  5:51  Lair  
  57  6:11  Zergling x14  
  57  6:12  Zergling x8  
  57  6:13  Drone  
  57  6:14  Overlord  
  68  6:23  Drone x5  
  62  7:03  Zergling x2  
  62  7:04  Zergling x32  
  62  7:06  Queen  
  62  7:07  Queen x2  
  62  7:39  Zergling x18  
  62  7:40  Zergling x2  
  62  7:42  Queen x3  
  76  8:42  Zergling x18  
  85  8:50  Extractor  
  85  8:51  Extractor  
  73  9:48  Zergling x18  
  73  9:49  Zergling x22  
  70  11:35  Unknown  
  70  11:40  Zergling x6  
  70  11:41  Zergling x34  
  88  12:02  Unknown  
Show
View Real Time Build Order
Export as new Build Order

tomokazu Zerg - Winner!

Build Orders: Hatch First 

Get SALT Encoding   

  12  0:02  Drone  
  13  0:07  Drone  
  14  0:16  Overlord  
  14  0:36  Drone  
  14  0:38  Drone  
  14  0:42  Drone  
  17  0:53  Hatchery  
  16  1:01  Drone, Spawning Pool  
  16  1:04  Drone  
  16  1:05  Extractor  
  16  1:30  Extractor  
  16  1:32  Drone x3  
  18  1:34  Evolution Chamber  
  17  1:44  Drone  
  18  1:50  Queen  
  18  1:52  Roach Warren  
  18  1:54  Drone  
  20  2:10  Zerg Missile Weapons Level 1  
  20  2:12  Evolution Chamber  
  19  2:17  Drone  
  19  2:18  Drone  
  19  2:19  Queen  
  19  2:21  Drone x2  
  25  2:32  Lair  
  25  2:38  Overlord  
  25  2:41  Drone  
  26  2:44  Drone  
  26  2:47  Drone  
  28  3:01  Drone  
  28  3:02  Drone x4  
  33  3:05  Drone  
  34  3:19  Extractor  
  33  3:20  Extractor  
  32  3:30  Zerg Ground Armor Level 1, Glial Reconstitution  
  32  3:34  Drone x3  
  32  3:36  Hydralisk Den  
  34  3:49  Drone x2  
  34  3:50  Overlord x2  
  34  3:52  Overlord  
  36  4:08  Overlord  
  36  4:09  Hydralisk x3  
  42  4:18  Zerg Missile Weapons Level 2  
  42  4:30  Drone x2  
  42  4:31  Drone  
  45  4:37  Hydralisk x4  
  53  4:53  Grooved Spines  
  53  4:57  Roach x2  
  53  4:58  Roach x2  
  61  5:25  Zerg Ground Armor Level 2  
  61  5:28  Infestation Pit  
  60  5:30  Roach x2  
  60  5:31  Overlord x3  
  64  5:39  Hatchery  
  63  5:49  Roach x2  
  67  6:03  Hydralisk x3  
  73  6:05  Muscular Augments  
  73  6:17  Hydralisk x3  
  79  6:29  Hydralisk x3, Extractor  
  84  6:34  Extractor  
  75  6:57  Hydralisk x4  
  75  6:58  Hydralisk x2  
  75  6:59  Drone x2  
  87  7:02  Drone  
  87  7:03  Queen  
  88  7:11  Hive  
  66  7:49  Drone x3  
  66  7:50  Drone x5  
  66  7:51  Drone x5  
  75  7:52  Drone x2  
  71  8:13  Hydralisk x3  
  71  8:14  Hydralisk x3  
  83  8:40  Hydralisk x4  
  83  8:41  Hydralisk x2  
  91  8:45  Hatchery  
  78  9:16  Hydralisk x2  
  76  9:17  Hydralisk x7  
  76  9:18  Hydralisk x2  
  98  9:24  Overlord  
  98  9:25  Overlord x3  
  98  9:28  Overlord  
  98  9:46  Hydralisk x4  
  98  9:47  Hydralisk  
  108  10:21  Drone x3  
  97  10:22  Drone x2  
  97  10:27  Drone x4  
  97  10:28  Drone  
  104  10:30  Queen  
  104  10:31  Hydralisk x4  
  110  11:06  Hydralisk x4  
  110  11:07  Hydralisk x5, Extractor  
  110  11:08  Overlord  
  110  11:09  Overlord  
  127  11:11  Extractor  
Show
View Real Time Build Order
Export as new Build Order

A.I. 3 (Harder) Zerg 

Build Orders: Pool First, Zergling Baneling 

Get SALT Encoding   

  12  0:01  Drone  
  13  0:12  Overlord  
  13  0:17  Drone  
  14  0:30  Drone  
  14  0:31  Drone  
  16  0:45  Spawning Pool  
  16  0:46  Drone  
  16  0:50  Drone  
  16  0:53  Extractor  
  16  0:56  Drone  
  17  1:06  Overlord  
  17  1:33  Queen  
  17  1:34  Zergling x4  
  17  1:38  Drone  
  22  1:41  Roach Warren  
  22  1:43  Extractor  
  20  1:49  Drone  
  21  1:55  Baneling Nest  
  21  2:00  Drone  
  21  2:10  Drone  
  22  2:21  Zergling x2  
  23  2:32  Drone  
  24  2:39  Baneling x2, Overlord  
  24  2:40  Zergling x4  
  24  2:43  Baneling  
  24  2:44  Zergling x2  
  27  2:50  Baneling  
  27  2:54  Drone  
  28  3:01  Metabolic Boost  
  28  3:05  Zergling x2  
  29  3:12  Zergling x4  
  31  3:14  Zergling x2  
  32  3:21  Overlord  
  32  3:28  Baneling, Zergling x2  
  33  3:34  Baneling  
  33  3:38  Zergling x2  
  33  3:39  Baneling x2  
  34  3:43  Zergling x2  
  34  3:44  Drone  
  36  3:48  Drone  
  36  3:52  Drone  
  38  4:01  Drone  
  38  4:02  Evolution Chamber  
  38  4:12  Drone  
  38  4:16  Drone, Overlord  
  40  4:21  Roach  
  40  4:31  Lair  
  34  4:46  Drone  
  34  4:50  Roach  
  36  5:14  Zerg Melee Weapons Level 1  
  36  5:33  Hydralisk Den  
  36  5:35  Drone  
  36  6:02  Lurker Den, Burrow  
  36  6:03  Hydralisk  
  37  6:12  Roach  
  39  6:20  Roach  
  39  6:22  Spore Crawler  
  39  6:23  Drone  
  41  6:27  Hydralisk  
  41  6:29  Spore Crawler  
  41  6:30  Drone, Overlord  
  43  6:35  Hydralisk  
  45  6:43  Hydralisk  
  47  6:51  Hydralisk  
  47  6:57  Spine Crawler  
  47  6:58  Hatchery  
  47  7:00  Zergling x2  
  34  7:08  Zerg Ground Armor Level 1, Drone, Roach  
  34  7:12  Queen  
  35  7:16  Roach  
  37  7:25  Roach  
  39  7:33  Roach  
  41  7:41  Hydralisk  
  43  7:48  Hydralisk  
  45  7:56  Hydralisk  
  45  7:57  Overlord  
  47  8:05  Zergling x2  
  47  8:08  Zergling x2  
  47  8:10  Baneling  
  36  8:13  Zergling x2  
  37  8:26  Hatchery  
  36  8:39  Queen  
  36  8:48  Hydralisk  
  26  8:56  Drone  
  26  9:00  Drone x2  
  24  9:07  Queen  
  23  9:22  Zergling x2  
  24  9:27  Zergling x2  
  24  9:28  Zergling x2  
  26  9:31  Hatchery  
  25  9:43  Drone  
  25  9:50  Drone  
  19  10:05  Overlord  
  17  10:11  Queen  
  7  10:29  Queen  
  7  10:33  Queen  
  7  10:43  Overlord  
  7  11:02  Drone  
  8  11:18  Drone  
Show
View Real Time Build Order
Export as new Build Order

A.I. 4 (Very Hard) Zerg 

Build Orders: Pool First 

Get SALT Encoding   

  12  0:01  Drone  
  13  0:12  Overlord  
  13  0:17  Drone  
  14  0:30  Drone x2  
  14  0:34  Drone  
  17  0:49  Drone, Spawning Pool  
  17  1:14  Drone, Hatchery  
  17  1:17  Extractor  
  16  1:18  Extractor  
  16  1:22  Drone  
  16  1:26  Drone  
  16  1:30  Drone  
  18  1:38  Drone  
  19  1:49  Overlord  
  19  2:01  Queen  
  21  2:06  Zergling x2  
  22  2:11  Drone  
  23  2:26  Queen  
  25  2:32  Drone  
  26  2:40  Drone  
  26  2:43  Drone  
  28  2:49  Drone  
  29  3:03  Roach Warren  
  29  3:04  Drone  
  29  3:08  Drone  
  29  3:11  Zergling x2  
  31  3:15  Zergling x2  
  32  3:21  Overlord  
  32  3:24  Drone  
  32  3:26  Drone  
  34  3:43  Roach x2  
  34  3:45  Roach  
  34  3:46  Roach  
  42  3:50  Lair  
  42  3:53  Zergling x2  
  42  3:58  Overlord  
  42  4:02  Overlord  
  42  4:05  Zergling x2  
  43  4:16  Drone, Zergling x4  
  43  4:17  Drone  
  47  4:18  Drone  
  47  4:21  Zergling x2  
  47  4:23  Zergling x2  
  48  4:26  Drone  
  48  4:28  Drone  
  50  4:33  Overlord  
  50  4:37  Roach  
  52  4:40  Roach  
  52  4:44  Roach  
  56  4:47  Roach  
  56  4:50  Overlord  
  58  4:56  Drone, Hydralisk Den  
  58  4:59  Drone  
  59  5:01  Drone  
  60  5:07  Drone  
  60  5:09  Drone  
  60  5:12  Drone  
  60  5:13  Drone  
  64  5:16  Drone  
  64  5:18  Drone  
  66  5:21  Overlord  
  66  5:24  Drone  
  66  5:25  Drone  
  66  5:26  Hydralisk  
  66  5:27  Drone  
  71  5:30  Hydralisk  
  71  5:33  Drone  
  71  5:34  Drone  
  75  5:36  Drone  
  75  5:40  Drone, Overlord  
  75  5:42  Drone  
  78  5:48  Infestation Pit  
  77  5:50  Drone  
  77  5:53  Roach  
  77  5:55  Roach  
  82  5:58  Baneling Nest  
  82  6:01  Overlord  
  82  6:03  Drone  
  82  6:05  Hydralisk  
  82  6:09  Hydralisk  
  87  6:11  Ravager x2  
  87  6:13  Roach  
  90  6:20  Roach, Overlord  
  90  6:21  Roach  
  90  6:22  Roach  
  90  6:25  Roach  
  98  6:26  Infestor  
  100  6:38  Infestor  
  100  6:39  Hydralisk, Overlord  
  102  6:40  Hydralisk  
  102  6:41  Baneling  
  102  6:42  Baneling  
  102  6:43  Baneling x2  
  102  6:44  Baneling  
  102  6:45  Baneling  
  102  6:46  Extractor  
  105  6:50  Extractor  
  104  6:58  Overlord  
  104  7:08  Drone  
  103  7:09  Drone, Overseer  
  103  7:12  Drone  
  103  7:13  Drone x2  
  106  7:16  Hydralisk  
  106  7:20  Hydralisk  
  106  7:21  Zergling x2  
  106  7:25  Zergling x2  
  106  7:26  Hydralisk, Evolution Chamber  
  106  7:27  Drone  
  106  7:28  Roach  
  106  7:29  Roach  
  86  7:30  Spine Crawler  
  86  7:31  Drone  
  86  7:32  Roach, Spine Crawler  
  86  7:34  Drone  
  79  7:41  Roach  
  79  7:42  Roach  
  81  7:46  Roach  
  81  7:47  Hydralisk, Roach  
  81  7:50  Baneling x2  
  87  7:51  Zergling x2  
  87  7:53  Baneling x2  
  87  7:54  Roach, Zergling x2  
  87  7:56  Roach  
  93  7:59  Roach  
  93  8:02  Hydralisk  
  97  8:06  Hydralisk  
  97  8:08  Hatchery  
  93  8:14  Roach  
  93  8:15  Hydralisk  
  93  8:17  Baneling x2  
  93  8:19  Baneling x2, Zergling x4  
  99  8:37  Spire  
  99  8:38  Baneling  
  99  8:39  Zergling x2  
  99  8:54  Hydralisk  
  100  8:59  Hydralisk  
  98  9:03  Zergling x2  
  98  9:06  Roach  
  98  9:07  Evolution Chamber  
  98  9:08  Drone  
  98  9:09  Spore Crawler  
  93  9:10  Drone  
  93  9:12  Spore Crawler  
  93  9:13  Drone  
  93  9:16  Baneling x2, Zergling x2  
  95  9:22  Ravager  
  95  9:23  Roach  
  98  9:27  Hatchery  
  95  9:31  Zergling x2  
  95  9:35  Drone  
  95  9:36  Drone x2  
  82  9:39  Drone  
  82  9:42  Drone  
  82  9:44  Baneling x2  
  82  9:45  Zergling x2  
  85  9:47  Drone  
  85  9:50  Drone  
  85  9:51  Drone, Ravager, Mutalisk  
  85  9:52  Baneling  
  91  9:53  Zergling x2  
  91  10:00  Drone  
  91  10:01  Roach  
  91  10:03  Roach  
  96  10:08  Hatchery  
  96  10:10  Drone  
  95  10:15  Zergling x2  
  84  10:26  Roach  
  59  10:37  Baneling x2, Roach  
  59  10:38  Baneling  
  59  10:39  Zergling x2  
  59  10:42  Zergling x2  
  63  10:44  Hydralisk  
  63  10:45  Roach  
  66  10:58  Drone  
  66  11:13  Drone, Extractor  
  66  11:14  Spawning Pool  
  66  11:15  Drone  
  66  11:16  Drone  
  67  11:18  Drone  
  67  11:20  Drone  
  67  11:24  Drone  
  59  11:32  Drone  
  50  11:35  Drone  
  47  11:42  Drone  
  47  11:43  Drone  
Show
View Real Time Build Order
Export as new Build Order

A.I. 5 (Very Hard) Zerg 

Build Orders: Pool First 

Get SALT Encoding   

  12  0:01  Drone  
  13  0:11  Overlord  
  13  0:14  Drone  
  14  0:29  Drone  
  14  0:32  Spawning Pool  
  14  0:33  Drone  
  15  0:36  Drone  
  15  0:42  Extractor  
  15  0:44  Drone  
  16  0:54  Drone  
  17  1:05  Drone  
  18  1:16  Drone  
  19  1:20  Queen  
  19  1:24  Roach Warren  
  20  1:26  Drone  
  21  1:37  Zergling x2  
  22  1:48  Overlord  
  22  1:58  Overlord  
  22  2:09  Roach  
  24  2:20  Roach  
  26  2:27  Roach x3  
  32  2:31  Overlord  
  32  2:43  Roach  
  34  2:53  Roach  
  36  2:58  Overlord  
  36  2:59  Roach x2  
  36  3:05  Roach  
  42  3:15  Roach  
  44  3:26  Roach  
  46  3:30  Drone x2  
  46  3:31  Roach  
  50  3:38  Roach  
  52  3:46  Baneling Nest  
  51  3:48  Zergling x2  
  52  3:59  Overlord  
  52  4:02  Roach, Zergling x4  
  53  4:05  Extractor  
  42  4:10  Zergling x2  
  35  4:21  Zergling x2  
  36  4:29  Baneling  
  36  4:30  Baneling x2  
  36  4:31  Baneling  
  36  4:32  Baneling, Zergling x2  
  36  4:34  Zergling x6  
  36  4:35  Baneling  
  40  4:39  Baneling  
  40  4:43  Evolution Chamber  
  39  4:58  Lair  
  39  5:30  Roach  
  39  5:33  Spine Crawler  
  41  5:35  Roach  
  41  6:01  Hydralisk Den  
  40  6:04  Hatchery  
  40  6:09  Roach  
  41  6:15  Infestation Pit  
  40  6:31  Hydralisk  
  42  6:37  Hydralisk  
  42  6:38  Zergling x2  
  36  6:43  Roach, Zergling x2  
  36  6:47  Roach  
  25  6:50  Drone  
  25  6:51  Queen  
  25  6:52  Infestor, Roach  
  25  6:53  Drone  
  25  6:54  Drone  
  20  7:03  Drone  
  13  7:14  Drone  
  13  7:15  Drone x3  
  11  7:16  Drone  
  10  7:25  Drone  
  10  7:26  Drone  
  12  7:36  Drone  
  11  7:37  Drone  
  12  7:47  Zergling x2  
  12  7:48  Drone  
  14  7:58  Drone, Zergling x2  
  15  7:59  Drone  
Tags
 
Add a new tag
Caveats
  • Supply blocks, unpowered buildings, or Contaminate may cause inaccurate times.
  • Supply counts are checked every 10 seconds.